 Dungeon Crawl Stone Soup version 0.31-a0-325-g067879e3d3 (webtiles) character file.

Game seed: 7607016920624452603

569 arthad the Changeling (level 7, -4/56 HPs)
             Began as a Gnoll Shapeshifter on July 19, 2023.
             Slain by a gnoll sergeant
             ... wielding a +0 trident
              (12 damage)
             ... on level 5 of the Dungeon.
             The game lasted 00:09:35 (3935 turns).

arthad the Changeling (Gnoll Shapeshifter)          Turns: 3935, Time: 00:09:36

Health: -4/56      AC:  2    Str: 17    XL:     7   Next: 33%
Magic:  10/10      EV: 15    Int:  7    God:
Gold:   187        SH:  0    Dex: 18    Spells: 11/11 levels left

rFire   . .          .
                       - Unarmed
rCold   + . .        (no shield)
rNeg    . . .        a - +0 animal skin
rPois   .            (helmet currently unavailable)
rElec   .            (cloak currently unavailable)
rCorr   .            (gloves currently unavailable)
SInv    .            (boots currently unavailable)
Will    .....        (no amulet)
Stlth   ++           n - +6 ring of dexterity
HPRegen 0.29/turn    p - ring of protection from cold
MPRegen 0.12/turn

%: no passive effects
@: beast-form
A: beast (slay +4), fangs 1, strong nose, distributed training
a: Begin Untransformation


You were on level 5 of the Dungeon.
You were a hulking beast.
You visited 1 branch of the dungeon, and saw 5 of its levels.

You collected 187 gold pieces.

Inventory:

Hand Weapons
 d - a +2 quarterstaff of chaos
 h - a +2 dagger of speed
 u - a +0 whip of freezing
Missiles
 q - 18 poisoned darts (quivered)
Armour
 a - a +0 animal skin (worn)
 e - a +0 cloak
 j - a +0 helmet
Magical Staves
 r - a staff of cold
Jewellery
 n - a +6 ring of dexterity (left hand)
 p - a ring of protection from cold (right hand)
Talismans
 c - a beast talisman
Wands
 f - a wand of flame (18)
Scrolls
 l - a scroll of poison
 o - a scroll of fog {unknown}
 w - a scroll of blinking {unknown}
 x - a scroll of torment {unknown}
 y - a scroll of enchant weapon {unknown}
Potions
 b - a potion of lignification
 i - a potion of brilliance {unknown}
 k - a potion of might {unknown}
 m - 2 potions of enlightenment {unknown}
 s - a potion of degeneration {unknown}
 t - 2 potions of ambrosia {unknown}
 v - a potion of haste {unknown}
 z - a potion of attraction {unknown}
 A - a potion of cancellation {unknown}


   Skills:
 + Level 5.2 Fighting
 + Level 2.5 Short Blades
 + Level 2.5 Long Blades
 + Level 2.5 Axes
 + Level 2.5 Maces & Flails
 + Level 2.5 Polearms
 + Level 2.5 Staves
 + Level 2.5 Ranged Weapons
 + Level 2.5 Throwing
 + Level 2.5 Armour
 + Level 5.2 Dodging
 + Level 2.5 Stealth
 + Level 2.5 Shields
 + Level 5.2 Unarmed Combat
 + Level 2.5 Spellcasting
 + Level 2.0 Conjurations
 + Level 2.0 Hexes
 + Level 2.0 Summonings
 + Level 2.0 Necromancy
 + Level 2.0 Translocations
 + Level 2.0 Transmutations
 + Level 2.0 Fire Magic
 + Level 2.0 Ice Magic
 + Level 2.0 Air Magic
 + Level 2.0 Earth Magic
 + Level 2.0 Poison Magic
 + Level 2.7 Invocations
 + Level 2.5 Evocations
 + Level 6.8 Shapeshifting


You had 11 spell levels left.
You didn't know any spells.
Your spell library contained the following spells:

 Spells                   Type           Power      Damage    Failure   Level
 Necrotise                Necr           12%        1d4       16%         1
 Ozocubu's Armour         Ice            3%         N/A       43%         3
 Tukima's Dance           Hex            3%         N/A       43%         3
 Vampiric Draining        Necr           3%         2d6       43%         3
 Passage of Golubria      Tloc           3%         N/A       83%         4
 Agony                    Necr           3%         N/A       99%         5
 Metabolic Englaciation   Hex/Ice        1%         N/A       99%         5
 Yara's Violent Unravell  Hex/Tmut       1%         3d3       99%         5
 Simulacrum               Ice/Necr       1%         N/A       100%        6


Dungeon Overview and Level Annotations

Branches:
Dungeon (5/15)
 Temple: D:4-7

Altars:
Gozag
Hepliaklqana
Qazlal
Yredelemnul


Innate Abilities, Weirdness & Mutations

You are a hulking beast.
Your limbs bulge with bestial killing power. (Slay +4)
You have very sharp teeth.
Your uncanny sense of smell can sniff out nearby items.
Your experience applies equally to all skills.


Message History

The gnoll sergeant is moderately wounded.
The gnoll misses you.
The gnoll sergeant hits you with a +0 trident.
The gnoll barely misses you.
You hit the gnoll sergeant but do no damage.
The gnoll sergeant is moderately wounded.
The gnoll hits you with a +0 whip. The gnoll sergeant closely misses you.
The gnoll completely misses you.
You hit the gnoll sergeant.
You bite the gnoll sergeant, but do no damage.
The gnoll sergeant is heavily wounded.
The gnoll sergeant hits you with a +0 trident!
The gnoll closely misses you. The gnoll hits you with a +0 spear!
* * * LOW HITPOINT WARNING * * *
You are too injured to fight recklessly!
You are too injured to fight recklessly!
You are too injured to fight recklessly!
You are too injured to fight recklessly!
You are too injured to fight recklessly!
You are too injured to fight recklessly!
You are too injured to fight recklessly!
You are too injured to fight recklessly!
You are too injured to fight recklessly!
You are too injured to fight recklessly!
The gnoll closely misses you.
The gnoll sergeant hits you from afar with a +0 trident!
* * * LOW HITPOINT WARNING * * *
It was a potion of curing.
You feel better. The gnoll barely misses you. x2
The gnoll sergeant closely misses you.
The air fills with toxic fumes!
As you read the scroll labelled MOESESIHOA, it crumbles to dust.
It was a scroll of poison.
The gnoll sergeant hits you from afar with a +0 trident!
* * * LOW HITPOINT WARNING * * *
The gnoll barely misses you. x2
You feel better.
The gnoll hits you from afar with a +0 spear.
* * * LOW HITPOINT WARNING * * *
The gnoll sergeant hits you from afar with a +0 trident!
You die...

##.. ......# #....
§§(....
.....####§§.....
.......§§§..# .#
#..(§§# .. ####l§# .##
.. ###gg## ..##.
#####§#g§§####....
#§§§§§h##..##..#.##
#§§§§§§§##...#.##..###
§§§§§§§§§....†........
######§#######...#.#...
§§#§#§ #..## #.. §§#§#§
##.###...! §§§#§#§
###........ §§§§#§#§§
#.......##. #....#...#.


You could see a wyvern, a gnoll sergeant and 2 gnolls.

Vanquished Creatures
  A black bear (D:4)
  An ogre (D:4)
  A scorpion (D:5)
  Crazy Yiuf (D:2)
  2 hounds (D:4)
  Ijyb (D:4)
  An iguana (D:5)
  A sleepcap (D:5)
  An orc wizard (D:4)
  A gnoll (D:5)
  3 adders (D:2)
  An ufetubus (D:5)
  A worm (D:2)
  A dart slug (D:3)
  5 orcs
  10 ball pythons
  5 bats
  4 endoplasms
  2 giant cockroaches
  13 goblins
  6 hobgoblins
  10 jackals
  7 quokkas
  4 frilled lizards
  8 kobolds
  9 rats
100 creatures vanquished.

Notes
Turn   | Place    | Note
-------+----------+-------------------------------------------
     0 | D:1      | arthad the Gnoll Shapeshifter began the quest for the Orb.
     0 | D:1      | Reached XP level 1. HP: 20/20 MP: 1/1
   139 | D:1      | Reached XP level 2. HP: 26/26 MP: 2/2
   694 | D:1      | Reached XP level 3. HP: 29/31 MP: 3/3
  1263 | D:2      | Reached skill level 1 in Invocations
  1296 | D:2      | Found a faded altar of an unknown god.
  1413 | D:2      | Reached skill level 1 in Short Blades
  1413 | D:2      | Reached skill level 1 in Long Blades
  1413 | D:2      | Reached skill level 1 in Axes
  1413 | D:2      | Reached skill level 1 in Maces & Flails
  1413 | D:2      | Reached skill level 1 in Polearms
  1413 | D:2      | Reached skill level 1 in Staves
  1413 | D:2      | Reached skill level 1 in Ranged Weapons
  1413 | D:2      | Reached skill level 1 in Throwing
  1413 | D:2      | Reached skill level 1 in Armour
  1413 | D:2      | Reached skill level 1 in Stealth
  1413 | D:2      | Reached skill level 1 in Shields
  1413 | D:2      | Reached skill level 1 in Spellcasting
  1413 | D:2      | Reached skill level 1 in Evocations
  1467 | D:2      | Found a runed translucent door.
  1468 | D:2      | Noticed Crazy Yiuf
  1570 | D:2      | Reached XP level 4. HP: 38/38 MP: 5/5
  1850 | D:2      | Reached skill level 1 in Conjurations
  1850 | D:2      | Reached skill level 1 in Hexes
  1850 | D:2      | Reached skill level 1 in Summonings
  1850 | D:2      | Reached skill level 1 in Necromancy
  1850 | D:2      | Reached skill level 1 in Translocations
  1850 | D:2      | Reached skill level 1 in Transmutations
  1850 | D:2      | Reached skill level 1 in Fire Magic
  1850 | D:2      | Reached skill level 1 in Ice Magic
  1850 | D:2      | Reached skill level 1 in Air Magic
  1850 | D:2      | Reached skill level 1 in Earth Magic
  1850 | D:2      | Reached skill level 1 in Poison Magic
  1874 | D:2      | Killed Crazy Yiuf
  2048 | D:3      | Reached XP level 5. HP: 43/43 MP: 6/6
  2165 | D:3      | You fall into a shaft and drop 1 floor!
  2214 | D:3      | Found an opulent altar of Gozag.
  2290 | D:3      | Found a basalt altar of Yredelemnul.
  2521 | D:4      | Found a hazy altar of Hepliaklqana.
  2747 | D:4      | Noticed Ijyb
  2765 | D:4      | Killed Ijyb
  2960 | D:4      | Reached XP level 6. HP: 36/50 MP: 8/8
  3133 | D:5      | Entered Level 5 of the Dungeon
  3133 | D:5      | Noticed a wyvern
  3598 | D:5      | Noticed a black bear
  3609 | D:4      | Reached skill level 5 in Fighting
  3609 | D:4      | Reached skill level 5 in Dodging
  3609 | D:4      | Reached skill level 5 in Unarmed Combat
  3690 | D:4      | Killed a black bear
  3691 | D:4      | Reached XP level 7. HP: 37/56 MP: 10/10
  3922 | D:5      | Found a stormy altar of Qazlal.
  3932 | D:5      | HP: 1/56 [gnoll sergeant/+0 trident (11)]
  3935 | D:5      | Slain by a gnoll sergeant

Illustrated notes

Levels and vault maps discovered:
D:1:      dpeg_arrival_oval, layout_loops_corners, grunt_decor_clamped,
          serial_bayou_crossing
D:2:      layout_loops_ring, basic_ecumenical_altar, uniq_crazy_yiuf_cottage
D:3:      layout_basic, grunt_gozag_statues,
          mainiacjoe_overflow_six_doors_small, minivault_25
D:4:      kennysheep_goblin_castle, layout_basic,
          mainiacjoe_overflow_tiny_flanked, kennysheep_generic_room_14
D:5:      layout_cave_pools, nzn_wu_jian_council_hall, slow_altar_1,
          nicolae_qazlal_eye_of_the_storm, uniq_grinder

Skill      XL: |  1  2  3  4  5  6  7 |
---------------+----------------------+-----
Invocations    | 1 2 |  2.7
Short Blades   | 1 2 |  2.5
Long Blades    | 1 2 |  2.5
Axes           | 1 2 |  2.5
Maces & Flails | 1 2 |  2.5
Polearms       | 1 2 |  2.5
Staves         | 1 2 |  2.5
Ranged Weapons | 1 2 |  2.5
Throwing       | 1 2 |  2.5
Armour         | 1 2 |  2.5
Stealth        | 1 2 |  2.5
Shields        | 1 2 |  2.5
Spellcasting   | 1 2 |  2.5
Evocations     | 1 2 |  2.5
Conjurations   | 1 2 |  2.0
Hexes          | 1 2 |  2.0
Summonings     | 1 2 |  2.0
Necromancy     | 1 2 |  2.0
Translocations | 1 2 |  2.0
Transmutations | 1 2 |  2.0
Fire Magic     | 1 2 |  2.0
Ice Magic      | 1 2 |  2.0
Air Magic      | 1 2 |  2.0
Earth Magic    | 1 2 |  2.0
Poison Magic   | 1 2 |  2.0
Fighting       | 5 |  5.2
Dodging        | 5 |  5.2
Unarmed Combat | 5 |  5.2
Shapeshifting  | |  6.8

Action                     |  1- 3 |  4- 6 |  7- 9 || total
---------------------------+-------+-------+-------++-------
  Melee: Unarmed           |   103 |   114 |    24 ||   241
         Bite              |     4 |    10 |     4 ||    18
         Punch             |     4 |     3 |       ||     7
  Throw: Dart              |       |     4 |     9 ||    13
    Use: Scroll            |       |     3 |     1 ||     4
         Potion            |       |     2 |     2 ||     4
   Stab: Sleeping          |     3 |     4 |       ||     7
 Armour: Animal skin       |    15 |    15 |     1 ||    31
  Dodge: Dodged            |    72 |    83 |    39 ||   194
         Form:             |     1 |       |       ||     1
         Beast             |     1 |       |       ||     1

Table legend: (Time is in decaauts)
 A = Elapsed time spent in this place.
 B = Non-inter-level travel time spent in this place.
 C = Inter-level travel time spent in this place.
 D = Time resting spent in this place.
 E = Time spent auto-exploring this place.
 F = Levels seen in this place.
 G = Mean time per level.
                   A        B        C        D        E       F      G
               +--------+--------+--------+--------+--------+-----+--------+
         Total |   3919 |   3693 |    226 |     27 |   3020 |   5 |  783.8 |
       Dungeon |   3919 |   3693 |    226 |     27 |   3020 |   5 |  783.8 |
               +--------+--------+--------+--------+--------+-----+--------+

Top non-repeatable levels by time:
     D:4: 1227 daAuts
     D:1: 1065 daAuts
     D:2: 891 daAuts
     D:3: 577 daAuts
     D:5: 157 daAuts
